 Dungeon Crawl Stone Soup version 0.23.2-1-ga50397a (webtiles) character file.

Game seed: 12324840282680524589

4079 funkygono the Basher (level 10, 0/96 HPs)
             Began as a Troll Fighter on June 1, 2019.
             Was a Believer of Makhleb.
             Slain by a crocodile (12 damage)
             ... on level 8 of the Dungeon.
             The game lasted 00:19:10 (6815 turns).

funkygono the Basher (Troll Fighter)                Turns: 6815, Time: 00:19:11

Health: 0/96       AC:  7    Str: 29    XL:     10   Next: 5%
Magic:  0/9        EV: 12    Int:  4    God:    Makhleb [**....]
Gold:   515        SH: 13    Dex:  9    Spells: 9/9 levels left

rFire    + . .     SeeInvis .   a - +3 flail
rCold    . . .     Gourm    +   c - +1 shield
rNeg     . . .     Faith    .   b - +1 robe
rPois    .         Spirit   +   (helmet restricted)
rElec    .         Reflect  +   n - scarf {Spirit}
rCorr    .         Harm     .   (gloves unavailable)
MR       .....                  (boots unavailable)
Stlth    +.........             i - +2 amulet of reflection
HPRegen  0.66/turn              u - ring of protection from fire
MPRegen  0.11/turn              A - +1 ring of evasion

@: no status effects
A: large, unfitting armour, claws 3, fast metabolism 3, gourmand, regeneration
1, shaggy fur 1, tough skin 3
a: Minor Destruction, Renounce Religion


You were on level 8 of the Dungeon.
You worshipped Makhleb.
Makhleb was pleased with you.
You were full.

You visited 2 branches of the dungeon, and saw 9 of its levels.

You collected 515 gold pieces.

Inventory:

Hand Weapons
 a - a +3 flail (weapon)
Missiles
 g - 112 stones (quivered)
 j - 4 tomahawks
Armour
 b - a +1 robe (worn)
 c - a +1 shield (worn)
 n - a scarf of spirit shield (worn)
Jewellery
 i - a +2 amulet of reflection (around neck)
 u - a ring of protection from fire (left claw)
 v - an uncursed amulet of rage
 x - an uncursed ring of magical power
 A - a +1 ring of evasion (right claw)
Wands
 k - a wand of iceblast (10)
 p - a wand of polymorph (5)
 q - a wand of paralysis (11)
 D - a wand of digging (7)
Scrolls
 e - 2 scrolls of fear
 l - 4 scrolls of teleportation
 m - 3 scrolls of remove curse
 t - 3 scrolls of blinking
 y - a scroll of identify
Potions
 d - 2 potions of might
 h - a potion of brilliance
 o - 2 potions of agility
 r - a potion of ambrosia
 s - 4 potions of mutation
 w - a potion of invisibility
 C - a potion of lignification
Comestibles
 f - 20 rations


   Skills:
 + Level 5.0 Fighting
 + Level 9.2 Maces & Flails
 + Level 1.8 Throwing
 + Level 5.8 Dodging
 - Level 0.1 Stealth
 + Level 5.7 Shields
 + Level 1.1 Invocations


You had 9 spell levels left.
You didn't know any spells.
Your spell library contained the following spells:

 Spells                   Type           Power        Failure   Level  Hunger
 Magic Dart               Conj           #...         75%         1    ##.....
 Searing Ray              Conj           #.....       86%         2    ###....
 Dazzling Spray           Conj/Hex       #.....       98%         3    ####...
 Force Lance              Conj/Tloc      #.......     100%        4    #####..
 Fulminant Prism          Conj/Hex       #.........   100%        4    #####..
 Iskenderun's Mystic Bla  Conj           #.......     100%        4    #####..


Dungeon Overview and Level Annotations

Branches:
Dungeon (8/15)             Temple (1/1) D:4            Lair (0/6) D:8

Altars:
Ashenzari
Cheibriados
Dithmenos
Elyvilon
Fedhas
Gozag
Hepliaklqana
Kikubaaqudgha
Makhleb
Nemelex Xobeh
Okawaru
Qazlal
Ru
Sif Muna
Trog
Uskayaw
Vehumet
Wu Jian
Xom
Yredelemnul
Zin
The Shining One

Shops:
D:7 [


Innate Abilities, Weirdness & Mutations

You are too large for most types of armour.
You have claws for hands.
Your metabolism is lightning-fast.
You like to eat raw meat.
Your natural rate of healing is unusually fast.
You are covered in fur. (AC +1)
You have extremely tough skin. (AC +3)


Message History

The crocodile bites you but does no damage.
You bludgeon the hippogriff!!
The hippogriff is severely wounded.
The hippogriff bites you but does no damage.
The hippogriff misses you. The hippogriff claws you.
You block the crocodile's attack.
You sock the hippogriff!
You kill the hippogriff!
Makhleb accepts your kill. The crocodile bites you!!
* * * LOW HITPOINT WARNING * * *
You hit the crocodile but do no damage.
The crocodile bites you but does no damage.
You feel better. You block the crocodile's attack.
You barely miss the crocodile. The crocodile bites you.
* * * LOW HITPOINT WARNING * * *
You hit the crocodile.
The crocodile is lightly wounded.
The crocodile bites you!
You die...

...# ###.....##..P ...#
###......P. ...P ...##
###......... >...
....###.....##.... .(().
.....#......# ... .....
.#.....#.....# ...(%...
###.##.###..######.....#
# #..#####..#.##...)....
.##...#.##......@......#
........##.....t†.....##
...#..#.##..##........#
.#.##....#.###.......##
..##.<....÷.##........#
..##...###.##.........#
..#...###.###...#.#...#
......###.# ########.##
......##.######### ##


You could see a crocodile.

Vanquished Creatures
  The ghost of aefrtyi the Gusty, a novice DrAE of Vehumet (D:5)
  An elephant (D:8)
  The ghost of DKeggars the Chopper, a novice DsBe of Trog (D:6)
  A slime creature (D:5)
  A hippogriff (D:8)
  An orc warrior (D:8)
  3 sky beasts (D:6)
  A black bear (D:6)
  5 ogres
  A centaur (D:6)
  A crocodile (D:8)
  A big kobold (D:6)
  3 bullfrogs
  2 scorpions
  4 wights (D:6)
  A howler monkey (D:4)
  A bullfrog zombie (D:6)
  2 orc priests (D:8)
  2 bullfrog skeletons (D:6)
  A jelly (D:5)
  2 centaur skeletons
  A hound (D:8)
  3 orc wizards
  2 iguanas
  Terence (D:3)
  Natasha (thrice) (D:3)
  9 worker ants
  A worker ant zombie (D:6)
  Robin (D:3)
  2 howler monkey skeletons
  8 adders
  A shadow imp (D:6)
  An ooze (D:1)
  2 adder skeletons (D:5)
  An adder zombie (D:6)
  3 worms
  5 dart slugs
  7 leopard geckos
  13 orcs
  4 ball pythons
  2 giant cockroaches
  13 goblins
  8 hobgoblins (D:3)
  16 jackals
  3 quokkas
  5 bats
  2 frilled lizards
  A jackal skeleton (D:4)
  11 kobolds
  A quokka skeleton (D:4)
  6 rats
172 creatures vanquished.

Notes
Turn   | Place    | Note
-------+----------+-------------------------------------------
     0 | D:1      | funkygono the Troll Fighter began the quest for the Orb.
     0 | D:1      | Reached XP level 1. HP: 22/22 MP: 0/0
    79 | D:1      | Reached XP level 2. HP: 29/29 MP: 1/1
   595 | D:2      | Found a faded altar of an unknown god.
   667 | D:2      | Reached skill level 2 in Maces & Flails
   698 | D:2      | Reached XP level 3. HP: 30/36 MP: 2/2
  1380 | D:2      | Reached XP level 4. HP: 44/44 MP: 3/3
  1504 | D:3      | Found an iron altar of Okawaru.
  1526 | D:3      | Noticed Terence
  1538 | D:3      | Killed Terence
  1730 | D:3      | Noticed Natasha
  1744 | D:3      | Killed Natasha
  1744 | D:3      | Reached skill level 3 in Maces & Flails
  1744 | D:3      | Reached XP level 5. HP: 11/52 MP: 0/4
  1877 | D:3      | Noticed Natasha
  1890 | D:3      | Killed Natasha
  1919 | D:3      | Noticed Robin
  1938 | D:3      | Killed Robin
  1980 | D:3      | Noticed Natasha
  1985 | D:3      | Killed Natasha
  2233 | D:4      | Reached XP level 6. HP: 50/61 MP: 5/5
  2352 | D:4      | Reached skill level 4 in Maces & Flails
  2385 | D:4      | Found an ornate altar of the Wu Jian Council.
  2478 | D:4      | Reached XP level 7. HP: 49/67 MP: 3/6
  2516 | D:4      | Found a staircase to the Ecumenical Temple.
  2530 | Temple   | Entered the Ecumenical Temple
  2542 | Temple   | Became a worshipper of Makhleb the Destroyer
  3067 | D:4      | Reached skill level 5 in Maces & Flails
  3185 | D:5      | Entered Level 5 of the Dungeon
  3327 | D:5      | Found a runed translucent gate.
  3328 | D:5      | Found a runed translucent gate.
  3329 | D:5      | Found a runed translucent gate.
  3329 | D:5      | Noticed aefrtyi's ghost (novice DrAE)
  3330 | D:5      | Noticed a slime creature
  3603 | D:5      | Found a stormy altar of Qazlal.
  3767 | D:5      | Reached * piety under Makhleb
  4219 | D:5      | Killed aefrtyi's ghost
  4219 | D:5      | Reached skill level 6 in Maces & Flails
  4219 | D:5      | Reached XP level 8. HP: 19/78 MP: 1/7
  4224 | D:5      | Killed a slime creature
  4224 | D:5      | Reached skill level 7 in Maces & Flails
  4494 | D:6      | Found a deep blue altar of Sif Muna.
  4554 | D:6      | Reached skill level 5 in Dodging
  4733 | D:6      | Reached skill level 1 in Throwing
  4733 | D:6      | Reached XP level 9. HP: 82/84 MP: 8/8
  4770 | D:6      | Found a runed translucent door.
  4774 | D:6      | Noticed DKeggars's ghost (novice DsBe)
  5117 | D:6      | Reached skill level 8 in Maces & Flails
  5373 | D:6      | Reached skill level 5 in Shields
  5768 | D:6      | Killed DKeggars's ghost
  5828 | D:7      | Found Joathemurgh's Antique Armour Boutique.
  5879 | D:7      | Found an ancient bone altar of Kikubaaqudgha.
  5969 | D:7      | Reached ** piety under Makhleb
  6116 | D:7      | Found a sparkling altar of Nemelex Xobeh.
  6123 | D:7      | Found a sacrificial altar of Ru.
  6125 | D:7      | Found a basalt altar of Yredelemnul.
  6126 | D:7      | Found a hazy altar of Hepliaklqana.
  6503 | D:8      | Found a sacrificial altar of Ru.
  6751 | D:8      | Reached skill level 9 in Maces & Flails
  6793 | D:8      | Found a staircase to the Lair.
  6793 | D:8      | Noticed an elephant
  6806 | D:8      | Killed an elephant
  6806 | D:8      | Reached skill level 5 in Fighting
  6806 | D:8      | Reached skill level 1 in Invocations
  6806 | D:8      | Reached XP level 10. HP: 47/96 MP: 3/9
  6815 | D:8      | Slain by a crocodile

Skill      XL: |  1  2  3  4  5  6  7  8  9 |
---------------+----------------------------+-----
Maces & Flails | 2 3 4 6 7 9 |  9.2
Dodging        | 3 4 5 |  5.8
Shields        | 3 4 5 |  5.7
Fighting       | 3 4 5 |  5.0
Throwing       | 1 |  1.8
Invocations    | 1 |  1.1
Stealth        | |  0.1

Action                   |  1- 3 |  4- 6 |  7- 9 | 10-12 || total
-------------------------+-------+-------+-------+-------++-------
Melee: Flail             |    98 |   160 |   349 |     7 ||   614
Throw: Tomahawk          |       |       |    16 |       ||    16
       Stone             |       |       |    26 |       ||    26
Invok: Minor Destruction |       |       |     7 |       ||     7
  Use: Scroll            |     4 |    10 |    11 |       ||    25
       Potion            |       |       |     2 |     1 ||     3
 Stab: Invisible         |       |       |     2 |       ||     2
       Sleeping          |       |       |     1 |       ||     1
  Eat: Chunk             |    18 |    11 |    38 |       ||    67
Armor: Robe              |    43 |    57 |    75 |     4 ||   179
       Skin              |       |     1 |       |       ||     1
Dodge: Dodged            |    33 |    76 |   103 |     3 ||   215
Block: Shield            |    48 |    93 |   194 |     8 ||   343
       Reflection        |       |       |     4 |       ||     4
